 Dungeon Crawl Stone Soup version 0.18-a0-721-g8fc53f4 (webtiles) character file.

7592 Raultor the Martial Artist (level 11, -9/74 HPs)
             Began as an Octopode Transmuter on Dec 8, 2015.
             Was an Elder of Makhleb.
             Mangled by a komodo dragon (25 damage)
             ... on level 10 of the Dungeon.
             The game lasted 00:50:21 (12457 turns).

Raultor the Martial Artist (Octopode Transmuter)   Turns: 12457, Time: 00:50:22

Health: -9/74      AC:  1    Str: 11    XL:     11   Next: 17%
Magic:  11/16      EV: 16    Int: 15    God:    Makhleb [****..]
Gold:   625        SH:  0    Dex: 15    Spells: 4 memorised, 5 levels left

rFire  . . .     SeeInvis +       - Unarmed
rCold  + . .     Clarity  .     (shield currently unavailable)
rNeg   . . .     SustAt   .     (helmet restricted)
rPois  .         Gourm    .     (no amulet)
rElec  .         Spirit   .     k - +3 ring of slaying
rCorr  .         Dismiss  .     s - ring of protection from cold {rC+, !d}
rMut   .         Stasis   .     y - ring of wizardry {Wiz+, !d}
MR     .....                    j - ring of flight {+Fly, !d}
Stlth  +++.......               O - ring of stealth {Stlth+}
                                p - ring of see invisible {sInv, !d}
                                (no ring)
                                (no ring)

@: blade tentacles (expiring), not resistant to hostile enchantments, fairly
stealthy
A: almost no armour, amphibious, 8 rings, constrict 8, camouflage 1, gelatinous
body 1
a: End Transformation, Minor Destruction, Lesser Servant of Makhleb, Major
Destruction, Renounce Religion, Evoke Flight


You were on level 10 of the Dungeon.
You worshipped Makhleb.
Makhleb was greatly pleased with you.
You were hungry.
You had blades for tentacles.
You visited 2 branches of the dungeon, and saw 11 of its levels.

You collected 625 gold pieces.

Inventory:

Hand Weapons
 P - the +3 long sword "Wireiseu" {venom, Int+3}
   (You found it on level 7 of the Dungeon)

   It poisons the flesh of those it strikes.
   It affects your intelligence (+3).
 T - the +6 morningstar "Conservator" (melded) {crush, -Tele *Noise rF+++ Int+6}
   (You took it off an orc warrior on level 9 of the Dungeon)

   It inflicts extra damage upon your enemies.
   It affects your intelligence (+6).
   It renders you almost immune to fire.
   It may make noises in combat.
   It prevents most forms of teleportation.
Missiles
 a - 136 arrows
 m - 6 arrows of dispersal {=f}
 C - 25 arrows of frost
Jewellery
 j - a ring of flight (on tentacle) {+Fly, !d}
   (You took it off an orc priest on level 7 of the Dungeon)
 k - a +3 ring of slaying (left scythe-like blade)
   (You took it off a hobgoblin on level 1 of the Dungeon)
 p - a ring of see invisible (on tentacle) {sInv, !d}
   (You found it on level 9 of the Dungeon)
 s - a ring of protection from cold (right scythe-like blade) {rC+, !d}
   (You found it on level 2 of the Dungeon)
 y - a ring of wizardry (on tentacle) {Wiz+, !d}
   (You found it on level 4 of the Dungeon)
 O - a ring of stealth (on tentacle) {Stlth+}
   (You found it on level 7 of the Dungeon)
Wands
 K - a wand of slowing (41)
   (You found it on level 8 of the Dungeon)
 Q - a wand of disintegration (11)
   (You found it on level 8 of the Dungeon)
Scrolls
 e - 2 scrolls of enchant armour
 g - 2 scrolls of identify
 l - a scroll of magic mapping {!r}
 o - 3 scrolls of teleportation
 x - 2 scrolls of recharging
 z - a scroll of fear
 D - 2 scrolls of enchant weapon
 H - a scroll of fog
 N - a scroll of immolation {!r}
Potions
 f - 2 potions of haste
 h - 2 potions of resistance
 n - 2 potions of curing
 q - a potion of might
 r - a potion of cancellation {unknown}
 t - a potion of agility
 v - 3 potions of heal wounds
 w - 2 potions of berserk rage {!q}
 G - a potion of flight
 L - 2 potions of invisibility
Books
 b - a book of Changes
 E - Sif Muna's Papyrus of Stones
   (You found it on level 5 of the Dungeon)

   Spells                             Type                      Level
   a - Sandblast                      Earth                        1
 F - a book of Necromancy
   (You found it on level 5 of the Dungeon)
 J - a book of Unlife
   (You found it on level 7 of the Dungeon)
 M - a book of Alchemy
   (You found it on level 7 of the Dungeon)
Comestibles
 c - 6 bread rations {@e1}
 d - 16 fruits
 i - 8 meat rations {@e2}
 u - 3 slices of pizza
 A - 11 chunks of flesh {@w0}


   Skills:
 + Level 6.7 Fighting
 + Level 6.9 Dodging
 * Level 10.1 Unarmed Combat
 + Level 3.7 Spellcasting
 - Level 5.2 Charms
 + Level 7.4 Transmutations
   Level 3.3 Ice Magic


You had 5 spell levels left.
You knew the following spells:

 Your Spells              Type           Power        Failure   Level  Hunger
a - Beastly Appendage     Trmt           ####..       6%          1    None
c - Spider Form           Trmt/Pois      ##........   26%         3    ###....
r - Regeneration          Chrm/Necr      ##........   32%         3    ###....
x - Blade Hands           Trmt           ####......   38%         5    ######.


Dungeon Overview and Level Annotations

Branches:
Dungeon (10/15)            Temple (1/1) D:5            Lair (0/8) D:10
    Orc (0/4) D:9

Altars:
Ashenzari
Cheibriados
Dithmenos
Elyvilon
Fedhas
Gozag
Kikubaaqudgha
Makhleb
Nemelex Xobeh
Okawaru
Pakellas
Qazlal
Ru
Sif Muna
Trog
Vehumet
Xom
Yredelemnul
Zin
The Shining One

Annotations:
D:9 exclusion: electric eel


Innate Abilities, Weirdness & Mutations

You cannot wear most types of armour.
You are amphibious.
You can wear up to eight rings at the same time.
You can use your tentacles to constrict eight enemies at once.
Your skin changes colour to match your surroundings (Stealth).
Your rubbery body absorbs attacks (AC +1).


Message History

The gnoll hits you but does no damage. The gnoll misses you.
Things that are here:
a halberd; a gnoll corpse You hit the gnoll but do no damage.
Your grab misses the gnoll. Your squeeze misses the gnoll. You slash the gnoll!
You grab the gnoll. You constrict the gnoll. The gnoll barely misses you.
You slash the gnoll!
You kill the gnoll!
Makhleb accepts your kill.
You feel better.
You regained 3 hp, and now have 68/74 hp.
You hit the killer bee. Your grab misses the killer bee.
You slash the killer bee!
You kill the killer bee!
Makhleb accepts your kill.
You feel better.
You regained 5 hp, and now have 73/74 hp.
You slash the killer bee! You grab the killer bee.
Your slash misses the killer bee. Your squeeze misses the killer bee.
You constrict the killer bee. The killer bee stings you!
The killer bee completely misses you.
You take 7 damage, and have 66/74 hp.
You slice the killer bee!!
You kill the killer bee!
Makhleb accepts your kill.
You feel better. The killer bee closely misses you.
You regained 4 hp, and now have 70/74 hp.
You slice the killer bee!!
You kill the killer bee!
Makhleb accepts your kill.
You feel better.
Health restored: 74 You slice the gnoll!!
You kill the gnoll!
Makhleb accepts your kill.
Items here: )) ††† a club; a spear; a killer bee corpse; a killer bee corpse; a gnoll corpse You butcher the gnoll corpse.
A - 12 chunks of flesh {@w0} (gained 4)
Items here: )) ÷ †† a club; a spear; a killer bee corpse; a killer bee corpse; a gnoll skeleton
Things that are here:
a halberd; a gnoll corpse You now have 611 gold pieces (gained 15).
You see here a halberd.
You see here a halberd.
Things that are here:
a halberd; a gnoll corpse You butcher the gnoll corpse.
A - 15 chunks of flesh {@w0} (gained 3)
Things that are here:
a halberd; a gnoll skeleton
Okay, then.
You start resting.
Eating one of 15 chunks of flesh {@w0}.
You continue eating. x2
Your transformation is almost over.
You start resting.
MP restored: 16
Items here: )) ÷ †† a club; a spear; a killer bee corpse; a killer bee corpse; a gnoll skeleton Your tentacles revert to their normal proportions.
The +6 morningstar "Conservator" {crush, -Tele *Noise rF+++ Int+6} unmelds from your body.
B - a Grand Grimoire
Okay, then.
You drop a Grand Grimoire.
You now have 625 gold pieces (gained 14).
Some of the chunks of flesh in your inventory have rotted away.
Found a stone staircase leading down.
A giant frog comes into view.
The giant frog hits you.
You take 4 damage, and have 70/74 hp.
You thump the giant frog! You grab the giant frog.
You constrict the giant frog.
You kill the giant frog!
Makhleb accepts your kill.
You feel better.
Health restored: 74 You see here a giant frog corpse.
You butcher the giant frog corpse.
A - 11 chunks of flesh {@w0} (gained 4)
A komodo dragon comes into view.
A centaur skeleton comes into view.
The helpless komodo dragon fails to defend itself.
You hit the komodo dragon. The komodo dragon bites you!!
The komodo dragon bites you!!
* * * LOW HITPOINT WARNING * * *
You take 60 damage, and have 14/74 hp.
MASSIVE DAMAGE!!
Your tentacles turn into razor-sharp scythe blades.
The +6 morningstar "Conservator" {crush, -Tele *Noise rF+++ Int+6} melds into your body.
You are feeling hungry.
The komodo dragon bites you!
* * * LOW HITPOINT WARNING * * *
You take 11 damage, and have 3/74 hp.
You now have 11/16 mp.
Okay, then.
Drink which item? (? for menu, Esc to quit)
You feel much better. The komodo dragon bites you!!
You die...

#.......# #.....#
#...###.#####.
#.......# #.....#
#...###.#.....
#.......# #######
#.......#.####
#.......#
#..######.#
#######.#
#......##.# #.#
####.......#.# #.#
#..........#.# #.#
#.#####.##.###...#.#
#.#
#....l@...####.###.#
#.#
#...Z##.#.#........#
#.#
#....#..#.##########
#.# #....##.#.# #.#
#.... ..#.# #.#
####. ###.# #.# ..
#.# #.###########.#
#.............#


You could see a komodo dragon and a centaur skeleton.

Vanquished Creatures
  2 trolls (D:10)
  A trapdoor spider zombie (D:9)
  The ghost of Korkiloff the Stinger, an amateur OpVM (D:4)
  A deep elf mage (D:9)
  A wyvern (D:9)
  3 hippogriffs
  A hungry ghost (D:7)
  A mottled dragon (D:9)
  Menkaure (D:7)
  3 wolves (D:10)
  A black bear (D:6)
  A water moccasin (D:6)
  2 ice beasts
  6 ogres
  4 phantoms
  An eye of draining (D:7)
  5 orc warriors
  A necrophage (D:7)
  4 centaurs
  A big kobold (D:8)
  10 giant frogs
  3 killer bees (D:10)
  5 scorpions
  7 hounds
  An electric eel (D:10)
  A giant frog zombie (D:5)
  5 crimson imps
  Crazy Yiuf (D:7)
  8 giant frog skeletons
  2 jellies
  2 centaur skeletons
  7 orc priests
  An iguana (D:7)
  11 worker ants
  10 orc wizards
  A hound zombie (D:7)
  A hound skeleton (D:4)
  15 gnolls
  A worker ant zombie (D:5)
  7 adders
  A shadow imp (D:4)
  A white imp (D:6)
  3 oozes
  3 worms
  25 orcs
  4 hobgoblins
  25 jackals
  A ball python (D:1)
  12 bats
  4 giant cockroaches
  A giant cockroach zombie (D:4)
  10 giant geckos
  A giant gecko zombie (D:7)
  6 giant newts
  7 goblins
  A goblin skeleton (D:6)
  4 hobgoblin zombies (D:6)
  8 kobolds
  An orc zombie (D:6)
  2 quokkas (D:7)
  A quokka skeleton (D:5)
  A quokka zombie (D:8)
  5 rats
267 creatures vanquished.

Vanquished Creatures (others)
  A sky beast (D:9)
1 creature vanquished.

Grand Total: 268 creatures vanquished

Notes
Turn   | Place    | Note
--------------------------------------------------------------
     0 | D:1      | Raultor the Octopode Transmuter began the quest for the Orb.
     0 | D:1      | Reached XP level 1. HP: 13/13 MP: 3/3
   366 | D:1      | Reached XP level 2. HP: 13/18 MP: 5/5
   472 | D:1      | Reached skill level 3 in Transmutations
  1042 | D:1      | Reached XP level 3. HP: 15/23 MP: 4/6
  1047 | D:1      | Learned a level 3 spell: Spider Form
  1268 | D:2      | Found a faded altar to an unknown god.
  1641 | D:2      | Reached skill level 4 in Transmutations
  1642 | D:2      | Found an opulent altar of Gozag.
  2051 | D:2      | Found a shimmering altar of Xom.
  2355 | D:2      | Reached XP level 4. HP: 21/28 MP: 7/7
  2475 | D:2      | Noticed an ogre
  2936 | D:3      | Noticed an earth elemental
  3072 | D:3      | Reached skill level 5 in Transmutations
  3072 | D:3      | Reached XP level 5. HP: 33/33 MP: 8/8
  3078 | D:3      | Learned a level 4 spell: Ice Form
  3267 | D:3      | Found a radiant altar of Vehumet.
  3307 | D:3      | Found a stormy altar of Qazlal.
  3309 | D:3      | Noticed a water elemental
  3322 | D:3      | Noticed an air elemental
  3325 | D:3      | Noticed a fire elemental
  3774 | D:4      | Reached skill level 1 in Ice Magic
  4390 | D:4      | Reached XP level 6. HP: 33/38 MP: 5/9
  4457 | D:4      | Noticed Korkiloff's ghost (amateur OpVM)
  4868 | D:4      | Reached skill level 2 in Ice Magic
  5224 | D:4      | Found a blossoming altar of Fedhas.
  5347 | D:4      | Reached skill level 3 in Ice Magic
  5401 | D:4      | Killed Korkiloff's ghost
  5401 | D:4      | Reached skill level 6 in Transmutations
  5401 | D:4      | Reached XP level 7. HP: 40/43 MP: 6/10
  5640 | D:5      | Entered Level 5 of the Dungeon
  5818 | D:5      | Reached skill level 4 in Unarmed Combat
  5819 | D:5      | Reached skill level 2 in Fighting
  5819 | D:5      | Reached skill level 7 in Transmutations
  5955 | D:5      | Reached XP level 8. HP: 50/50 MP: 6/11
  6040 | D:5      | Reached skill level 3 in Dodging
  6130 | D:5      | Learned a level 3 spell: Regeneration
  6132 | D:5      | Found a staircase to the Ecumenical Temple.
  6149 | Temple   | Entered the Ecumenical Temple
  6166 | Temple   | Became a worshipper of Makhleb the Destroyer
  6249 | D:5      | Found a deep blue altar of Sif Muna.
  6284 | D:5      | Reached skill level 5 in Unarmed Combat
  6286 | D:5      | Identified Sif Muna's Papyrus of Stones
  6569 | D:5      | Reached skill level 1 in Charms
  7030 | D:6      | Found a basalt altar of Yredelemnul.
  7056 | D:6      | Found an oddly glowing altar of Pakellas.
  7059 | D:6      | Reached skill level 3 in Fighting
  7059 | D:6      | Reached skill level 2 in Charms
  7093 | D:6      | Found a glowing golden altar of the Shining One.
  7290 | D:6      | Reached * piety under Makhleb
  7303 | D:6      | Reached skill level 4 in Dodging
  7310 | D:6      | Reached skill level 6 in Unarmed Combat
  7310 | D:6      | Reached XP level 9. HP: 57/57 MP: 9/12
  7772 | D:7      | Found a sparkling altar of Nemelex Xobeh.
  7961 | D:7      | Reached skill level 3 in Charms
  8477 | D:7      | Reached skill level 4 in Fighting
  8713 | D:7      | Reached skill level 7 in Unarmed Combat
  8761 | D:7      | Noticed Menkaure
  8766 | D:7      | Killed Menkaure
  8845 | D:7      | Got a pitted long sword
  8846 | D:7      | Identified the cursed +3 long sword "Wireiseu" {venom, Int+3} (You found it on level 7 of the Dungeon)
  8898 | D:7      | Noticed Crazy Yiuf
  8906 | D:7      | Killed Crazy Yiuf
  9193 | D:7      | Reached skill level 5 in Dodging
  9325 | D:8      | Reached skill level 4 in Charms
  9332 | D:8      | HP: 13/72 [hippogriff (6)]
  9336 | D:8      | Reached ** piety under Makhleb
  9444 | D:7      | Reached skill level 8 in Unarmed Combat
  9469 | D:7      | Reached skill level 5 in Fighting
  9469 | D:7      | Reached XP level 10. HP: 58/66 MP: 7/13
  9791 | D:8      | Found an iron altar of Okawaru.
 10084 | D:9      | Reached skill level 5 in Charms
 10166 | D:9      | Reached skill level 6 in Dodging
 10252 | D:9      | Reached *** piety under Makhleb
 10274 | D:9      | Reached skill level 9 in Unarmed Combat
 10324 | D:9      | Got an iridescent morningstar {crush}
 10325 | D:9      | Identified the +6 morningstar "Conservator" {crush, -Tele *Noise rF+++ Int+6} (You took it off an orc warrior on level 9 of the Dungeon)
 10784 | D:9      | Reached skill level 6 in Fighting
 11337 | D:9      | Reached skill level 3 in Spellcasting
 11406 | D:10     | Entered Level 10 of the Dungeon
 11504 | D:10     | Learned a level 5 spell: Blade Hands
 11537 | D:10     | Reached **** piety under Makhleb
 11841 | D:10     | Reached XP level 11. HP: 67/74 MP: 11/16
 11892 | D:10     | Found a staircase to the Lair.
 12109 | D:10     | Reached skill level 10 in Unarmed Combat
 12454 | D:10     | HP: 14/74 [komodo dragon (33)]
 12456 | D:10     | HP: 3/74 [komodo dragon (11)]
 12457 | D:10     | Mangled by a komodo dragon

Vault maps used:
D:1:      dpeg_cavernosity
D:2:      nicolae_overflow_crystal_walls, grunt_gozag_statues, first_bread,
          ecumenical_altar_2
D:3:      vehumet_crystals, minmay_statues_item,
          nicolae_qazlal_style_of_elements
D:4:      fedhas_altar_4, kennysheep_decorative_pillar
D:5:      temple_green, st_stairs_10, led_sif_book
D:6:      grunt_pakellas_salt, nicolae_overflow_hidden_temple, basic_altar,
          nicolae_tso_besieged_by_evil
D:7:      nemelex_xobeh_ov_fountains_minmay, uniq_crazy_yiuf_cottage,
          uniq_menkaure
D:8:      lemuel_crystal_altar
D:9:      erik_orc_2
D:10:     erik_lair_island
Temple:   jpeg_temple_clearing_12

Action                   |  1- 3 |  4- 6 |  7- 9 | 10-12 || total
-------------------------+-------+-------+-------+-------++-------
Melee: Unarmed           |   119 |   117 |   267 |   158 ||   661
       Long sword        |       |       |     6 |    18 ||    24
       Morningstar       |       |       |       |    39 ||    39
 Cast: Beastly Appendage |     1 |       |       |       ||     1
       Spider Form       |     1 |     6 |     4 |     4 ||    15
       Ice Form          |       |     1 |    20 |    12 ||    33
       Regeneration      |       |       |     4 |    12 ||    16
       Blade Hands       |       |       |       |    10 ||    10
  Use: Scroll            |       |     2 |     8 |    15 ||    25
       Potion            |       |     1 |       |     1 ||     2
 Stab: Sleeping          |     9 |     4 |     6 |     5 ||    24
       Distracted        |       |       |     1 |     1 ||     2
  Eat: Chunk             |     4 |     9 |    19 |    18 ||    50
       Bread ration      |       |     1 |       |       ||     1

Vault maps used:
D:1:      dpeg_cavernosity
D:2:      nicolae_overflow_crystal_walls, grunt_gozag_statues, first_bread,
          ecumenical_altar_2
D:3:      vehumet_crystals, minmay_statues_item,
          nicolae_qazlal_style_of_elements
D:4:      fedhas_altar_4, kennysheep_decorative_pillar
D:5:      temple_green, st_stairs_10, led_sif_book
D:6:      grunt_pakellas_salt, nicolae_overflow_hidden_temple, basic_altar,
          nicolae_tso_besieged_by_evil
D:7:      nemelex_xobeh_ov_fountains_minmay, uniq_crazy_yiuf_cottage,
          uniq_menkaure
D:8:      lemuel_crystal_altar
D:9:      erik_orc_2
D:10:     erik_lair_island
Temple:   jpeg_temple_clearing_12

Table legend:
 A = Turns spent in this place as a percentage of turns spent in the entire game.
 B = Non-inter-level travel turns spent in this place as a percentage of non-inter-level travel turns spent in the entire game.
 C = Inter-level travel turns spent in this place as a percentage of turns spent in this place.
 D = Turns resting spent in this place as a percentage of non-inter-level travel turns spent in this place.
 E = Turns spent auto-exploring this place as a percentage of non-inter-level travel turns spent in this place.
 F = Non-inter-level travel turns spent in this place divided by the number of levels of this place that you've seen.
                   A       B       C       D       E      F
               +-------+-------+-------+-------+-------+----------------------
         Total | 100.0 | 100.0 |   0.8 |   4.9 |  10.0 | 284.2
       Dungeon |  99.4 |  99.4 |   0.7 |   4.9 |   9.7 | 310.8
        Temple |   0.6 |   0.6 |   5.3 |   0.0 |  55.6 |  18.0
               +-------+-------+-------+-------+-------+----------------------

Table legend:
 A = Kills in this place as a percentage of kills in entire the game.
 B = Kills by you in this place as a percentage of kills by you in the entire game.
 C = Kills by friends in this place as a percentage of kills by friends in the entire game.
 D = Other kills in this place as a percentage of other kills in the entire game.
 E = Experience gained in this place as a percentage of experience gained in the entire game.
 F = Experience gained in this place divided by the number of levels of this place that you have seen.
                   A       B       C       D       E      F
               +-------+-------+-------+-------+-------+----------------------
         Total | 100.0 | 100.0 |  -nan | 100.0 | 100.0 | 986.0
       Dungeon | 100.0 | 100.0 |  -nan | 100.0 | 100.0 | 1084.6
               +-------+-------+-------+-------+-------+----------------------
